Patriotes vs River Rats
Created - 29 mars 2014 at 19:13
Goals
|
| Patriotes |
2 |
2 |
1 |
5 |
| River Rats |
4 |
3 |
1 |
8 |
|
Shots
|
| Patriotes |
6 |
15 |
5 |
26 |
| River Rats |
8 |
14 |
9 |
31 |
|
1st period
1. River Rats , James Van Riemsdyk 20 (Peter Mueller, Mikkel Boedker) at 4:55
2. River Rats , Mikkel Boedker 39 (Peter Mueller, Martin Grenier) at 6:35 (PP)
3. Patriotes , Ryan Wilson 6 (Brock Trotter, Matt Watkins) at 7:35
4. Patriotes , Tomas Kurka 18 (Zenon Konopka, Ben Guite) at 16:38
5. River Rats , Peter Mueller 28 (Mikkel Boedker, James Van Riemsdyk) at 17:13
6. River Rats , Chris Mcallister 27 (Jamie Arniel, Nolan Pratt) at 18:29
Penalties :
Davis Drewiske (Nyc) for Tripping (Minor) at 6:02, Tyler Bozak (Alb) for High sticking (Minor) at 7:40, Sergei Kostitsyn (Alb) for Holding Stick (Minor) at 10:36, Matt Jones (Alb) for Slashing (Minor) at 19:05
2nd period
7. Patriotes , Zenon Konopka 29 (Ben Guite) at 2:47
8. River Rats , Niklas Sundstrom 38 (Tyler Bozak) at 3:37 (PP)
9. Patriotes , Matt Watkins 1 (Brock Trotter, Cameron Gaunce) at 9:30
10. River Rats , Sergei Kostitsyn 30 (Andy Greene) at 12:35
11. River Rats , Niklas Sundstrom 39 (Andy Greene, Tyler Bozak) at 12:45
Penalties :
Ryan Wilson (Nyc) for Hooking (Minor) at 3:28, Matt Jones (Alb) for High sticking (Minor) at 6:42, Tyler Bozak (Alb) for Hooking (Minor) at 14:01
3rd period
12. River Rats , Peter Mueller 29 (Bryan Rodney, James Van Riemsdyk) at 1:58
13. Patriotes , Cory Emmerton 27 (Davis Drewiske, Fedor Fedorov) at 13:15
Penalties :
Brett Maclean (Alb) for Fighting (Major) at 1:59, Ben Guite (Nyc) for Fighting (Major) at 1:59, Ben Guite (Nyc) for instigated a fight (Minor) at 1:59, Ben Guite (Nyc) for instigated a fight (10 Minutes Misconduct) at 1:59, Fedor Fedorov (Nyc) for Hooking (Minor) at 4:54, Pavel Valentenko (Alb) for Tripping (Minor) at 19:40
Goalie Stats
Joey MacDonald (Nyc), 12 saves from 16 shots - (0,750), L, 22-20-6, 23:29 minutes
Jason Missiaen (Nyc), 11 saves from 15 shots - (0,733), 36:31 minutes
Adam Munro (Alb), 21 saves from 26 shots - (0,808), W, 26-13-5, 60:00 minutes
Players Stats for Patriotes
Player Name G A P +/- PIM S H SB GA TA FO MP PP MP PK MP
------------------------------------------------------------------------------------
Ben Guite 0 2 2 0 17 2 3 1 0 0 1/2 19:10 5:38 0:37
Brett Skinner 0 0 0 0 0 0 1 2 0 1 0/0 28:07 5:00 3:12
Brock Trotter 0 2 2 1 0 3 2 0 1 0 0/0 9:37 0:00 1:55
Cade Fairchild 0 0 0 -1 0 0 0 1 0 0 0/0 11:27 0:00 0:33
Cameron Gaunce 0 1 1 -1 0 0 1 0 0 0 0/0 11:20 0:26 0:00
Cory Emmerton 1 0 1 -1 0 4 2 0 0 0 2/3 16:39 4:24 0:00
Davis Drewiske 0 1 1 0 2 0 2 4 0 0 0/0 27:59 5:26 2:39
Fedor Fedorov 0 1 1 -1 2 0 1 0 0 0 0/0 17:35 4:23 1:03
James Wright 0 0 0 0 0 0 0 0 0 0 0/0 0:00 0:00 0:00
Jared Boll 0 0 0 -1 0 3 2 0 0 0 0/0 11:41 0:13 0:11
Joe Charlebois 0 0 0 0 0 4 2 1 0 0 0/0 20:33 4:48 1:28
Lauri Tukonen 0 0 0 -1 0 0 4 0 1 0 0/0 16:33 4:23 0:00
Mario Bliznak 0 0 0 0 0 0 0 0 0 0 0/0 1:49 0:00 1:49
Martin St. Pierre 0 0 0 -1 0 2 1 0 0 1 2/5 10:32 0:00 0:07
Matt Watkins 1 1 2 1 0 1 1 0 0 0 0/0 7:52 0:11 0:00
Ryan Potulny 0 0 0 0 0 0 0 0 0 0 0/0 0:00 0:00 0:00
Ryan White 0 0 0 1 0 1 0 0 0 0 2/3 7:29 0:00 0:00
Ryan Wilson 1 0 1 0 2 3 0 0 2 0 0/0 20:32 4:48 1:28
T.J Galiardi 0 0 0 -1 0 1 1 0 0 1 0/0 12:55 0:14 0:54
Tomas Kurka 1 0 1 0 0 1 2 1 2 0 4/5 22:48 5:38 2:28
Zenon Konopka 1 1 2 0 0 1 6 1 0 1 17/38 20:38 5:38 0:16
Players Stats for River Rats
Player Name G A P +/- PIM S H SB GA TA FO MP PP MP PK MP
------------------------------------------------------------------------------------
Andy Greene 0 2 2 2 0 0 6 1 0 1 0/0 27:39 2:38 6:04
Brett Maclean 0 0 0 -1 5 0 1 0 0 0 1/3 14:44 0:00 0:00
Bryan Rodney 0 1 1 0 0 0 0 0 0 0 0/0 7:16 0:00 0:08
Chris Mcallister 1 0 1 0 0 3 1 1 0 0 0/0 7:10 0:00 0:00
James Van Riemsdyk 1 2 3 2 0 5 0 0 1 0 0/0 16:25 2:35 1:34
Jamie Arniel 0 1 1 0 0 3 1 1 0 0 5/12 14:20 0:00 5:27
Kyle Chipchura 0 0 0 0 0 0 0 0 0 0 2/3 12:39 0:00 3:25
Martin Grenier 0 1 1 -1 0 2 1 1 0 2 0/0 21:10 2:38 6:04
Matt Jones 0 0 0 2 4 2 1 1 1 0 0/0 22:55 2:02 2:56
Mikkel Boedker 1 2 3 2 0 2 3 0 1 0 1/1 17:21 2:05 3:13
Niklas Sundstrom 2 0 2 -1 0 3 2 0 1 1 2/2 17:33 2:35 0:00
Nolan Pratt 0 1 1 -1 0 1 4 2 0 0 0/0 20:40 2:02 4:10
Pavel Valentenko 0 0 0 0 2 1 1 0 0 1 0/0 13:57 0:00 0:00
Peter Mueller 2 2 4 2 0 3 0 0 0 0 3/7 14:23 2:05 0:17
Roman Josi 0 0 0 0 0 0 0 0 0 0 0/0 6:52 0:00 1:06
Sergei Kostitsyn 1 0 1 0 2 3 3 0 0 1 0/0 12:25 2:05 1:05
Steve Quailer 0 0 0 0 0 1 1 0 0 0 1/1 14:20 0:00 5:27
Tomas Kubalik 0 0 0 0 0 0 1 0 0 0 0/0 9:19 0:00 0:00
Tyler Bozak 0 2 2 -1 4 2 1 0 0 0 13/27 18:31 2:35 0:00
3 Stars
1 - Peter Mueller (Alb)
2 - Mikkel Boedker (Alb)
3 - James Van Riemsdyk (Alb)
Power Play
Patriotes - 0 on 6 Attempt(s) - 0,00%
River Rats - 2 on 4 Attempt(s) - 50,00%
Penalty Kill
Patriotes - 2 on 4 Attempt(s) - 50,00%
- Score 0 goal in Penalty Kill
River Rats - 6 on 6 Attempt(s) - 100,00%
- Score 0 goal in Penalty Kill
Official
Referees : Joannette Marc and Ciamaga Chris
Linesman : Don Henderson and Shane Heyer
Game Notes
Joey MacDonald enters game at 18:29 of 1st period
Roman Josi is injured at 11:07 of 2nd period (Strained Right Knee)
Jason Missiaen enters game at 1:58 of 3rd period
Brett Maclean and Ben Guite fight to a draw at 1:59 of 3rd period
Finance
Level 1 -- Attendance: 1415 (70,75%) -- Ticket Income 49 525 $
Level 2 -- Attendance: 730 (73,00%) -- Ticket Income 10 950 $
Total Attendance: 2145 (71,50%)
Total Ticket Income: 60 475 $
Other Income: 3 024 $
Total Income: 63 499 $
Patriotes
5 vs 5 Forward
Center Left Wing Right Wing Time % Phy DF OF
1 Zenon Konopka Tomas Kurka Ben Guite 40 1 2 2
2 Cory Emmerton Fedor Fedorov Lauri Tukonen 30 1 2 2
3 Martin St. Pierre T.J Galiardi Jared Boll 20 1 2 2
4 Ryan White Brock Trotter Matt Watkins 10 1 2 2
5 vs 5 Defense
Defense Defense Time % Phy DF OF
1 Brett Skinner Davis Drewiske 40 1 2 2
2 Ryan Wilson Joe Charlebois 30 1 2 2
3 Cameron Gaunce Cade Fairchild 20 1 2 2
4 Brett Skinner Davis Drewiske 10 1 2 2
PowerPlay Forward
Center Left Wing Right Wing Time % Phy DF OF
1 Zenon Konopka Tomas Kurka Ben Guite 60 1 2 2
2 Cory Emmerton Fedor Fedorov Lauri Tukonen 40 1 2 2
PowerPlay Defense
Defense Defense Time % Phy DF OF
1 Brett Skinner Davis Drewiske 60 1 2 2
2 Ryan Wilson Joe Charlebois 40 1 2 2
Penalty Kill 4 Players Forward
Center Wing Time % Phy DF OF
1 Tomas Kurka Ben Guite 60 1 2 2
2 Zenon Konopka Fedor Fedorov 40 1 2 2
Penalty Kill 4 Players Defense
Defense Defense Time % Phy DF OF
1 Brett Skinner Davis Drewiske 60 1 2 2
2 Ryan Wilson Joe Charlebois 40 1 2 2
Penalty Kill - 3 Players Forward
Forward Time % Phy DF OF
1 Tomas Kurka 60 1 2 2
2 Ben Guite 40 1 2 2
Penalty Kill - 3 Players Defense
Defense Defense Time % Phy DF OF
1 Brett Skinner Davis Drewiske 60 1 2 2
2 Ryan Wilson Joe Charlebois 40 1 2 2
4 vs 4 Forward
Center Wing Time % Phy DF OF
1 Tomas Kurka Ben Guite 60 1 2 2
2 Zenon Konopka Fedor Fedorov 40 1 2 2
4 vs 4 Defense
Defense Defense Time % Phy DF OF
1 Brett Skinner Davis Drewiske 60 1 2 2
2 Ryan Wilson Joe Charlebois 40 1 2 2
Last Minutes Offensive
Center Left Wing Right Wing Defense Defense
Zenon Konopka Tomas Kurka Ben Guite Brett Skinner Davis Drewiske
Last Minutes Defensive
Center Left Wing Right Wing Defense Defense
Zenon Konopka Tomas Kurka Ben Guite Brett Skinner Davis Drewiske
Goaltenders
Starting : Jason Missiaen
Backup : Joey MacDonald
Extra Forwards
Normal : T.J Galiardi, Jared Boll, Brock Trotter - PP : T.J Galiardi, Jared Boll - PK : Brock Trotter
Extra Defensemen
Normal : Cameron Gaunce, Cade Fairchild, Ryan Wilson - PP : Cameron Gaunce - PK : Cade Fairchild, Ryan Wilson
Penalty Shots
Tomas Kurka, Ben Guite, Zenon Konopka, Fedor Fedorov, Cory Emmerton
River Rats
5 vs 5 Forward
Center Left Wing Right Wing Time % Phy DF OF
1 Tyler Bozak Brett Maclean Niklas Sundstrom 40 1 2 2
2 Peter Mueller James Van Riemsdyk Mikkel Boedker 30 1 2 2
3 Kyle Chipchura Sergei Kostitsyn Tomas Kubalik 20 1 2 2
4 Jamie Arniel Chris Mcallister Steve Quailer 10 1 2 2
5 vs 5 Defense
Defense Defense Time % Phy DF OF
1 Andy Greene Matt Jones 40 1 2 2
2 Martin Grenier Nolan Pratt 30 1 2 2
3 Pavel Valentenko Roman Josi 20 1 2 2
4 Pavel Valentenko Andy Greene 10 1 2 2
PowerPlay Forward
Center Left Wing Right Wing Time % Phy DF OF
1 Tyler Bozak James Van Riemsdyk Niklas Sundstrom 60 1 2 2
2 Peter Mueller Sergei Kostitsyn Mikkel Boedker 40 1 2 2
PowerPlay Defense
Defense Defense Time % Phy DF OF
1 Martin Grenier Andy Greene 60 1 2 2
2 Nolan Pratt Matt Jones 40 1 2 2
Penalty Kill 4 Players Forward
Center Wing Time % Phy DF OF
1 Jamie Arniel Steve Quailer 60 1 2 2
2 Kyle Chipchura Mikkel Boedker 40 1 2 2
Penalty Kill 4 Players Defense
Defense Defense Time % Phy DF OF
1 Andy Greene Martin Grenier 60 1 2 2
2 Nolan Pratt Matt Jones 40 1 2 2
Penalty Kill - 3 Players Forward
Forward Time % Phy DF OF
1 Kyle Chipchura 60 1 2 2
2 Jamie Arniel 40 1 2 2
Penalty Kill - 3 Players Defense
Defense Defense Time % Phy DF OF
1 Andy Greene Martin Grenier 60 1 2 2
2 Bryan Rodney Matt Jones 40 1 2 2
4 vs 4 Forward
Center Wing Time % Phy DF OF
1 Peter Mueller Mikkel Boedker 60 1 2 2
2 Tyler Bozak James Van Riemsdyk 40 1 2 2
4 vs 4 Defense
Defense Defense Time % Phy DF OF
1 Andy Greene Martin Grenier 60 1 2 2
2 Nolan Pratt Matt Jones 40 1 2 2
Last Minutes Offensive
Center Left Wing Right Wing Defense Defense
Tyler Bozak Chris Mcallister Niklas Sundstrom Andy Greene Matt Jones
Last Minutes Defensive
Center Left Wing Right Wing Defense Defense
Tyler Bozak Sergei Kostitsyn Niklas Sundstrom Andy Greene Nolan Pratt
Goaltenders
Starting : Adam Munro
Backup : Braden Holtby
Extra Forwards
Normal : Peter Mueller, James Van Riemsdyk, Tomas Kubalik - PP : Chris Mcallister, James Van Riemsdyk - PK : Sergei Kostitsyn
Extra Defensemen
Normal : Pavel Valentenko, Roman Josi, Bryan Rodney - PP : Pavel Valentenko - PK : Roman Josi, Bryan Rodney
Penalty Shots
Mikkel Boedker, Sergei Kostitsyn, Peter Mueller, Tyler Bozak, James Van Riemsdyk
% Time on Ice - Patriotes
Lines # - Real PCT - Wanted PCT - Time Play
Normal Forward
1 - 33% - 40% - 14:54
2 - 27% - 30% - 12:18
3 - 23% - 20% - 10:25
4 - 17% - 10% - 7:29
Normal Defense
1 - 41% - 40% - 18:38
2 - 32% - 30% - 14:17
3 - 24% - 20% - 10:54
4 - 3% - 10% - 1:17
PP Forward
1 - 57% - 60% - 5:49
2 - 43% - 40% - 4:25
PP Defense
1 - 53% - 60% - 5:26
2 - 47% - 40% - 4:48
PK Forward
1 - 94% - 60% - 4:24
2 - 6% - 40% - 0:16
PK Defense
1 - 69% - 60% - 3:12
2 - 31% - 40% - 1:28
PK3 Forward
1 - 0% - 60%
2 - 0% - 40%
PK3 Defense
1 - 0% - 60%
2 - 0% - 40%
44 Forward
1 - 0% - 60%
2 - 0% - 40%
44 Defense
1 - 0% - 60%
2 - 0% - 40%
Last Minute Offensive - 0:00
Last Minute Defensive - 0:00
Total
Forward - 60:00
Defense - 60:00
|
% Time on Ice - River Rats
Lines # - Real PCT - Wanted PCT - Time Play
Normal Forward
1 - 37% - 40% - 16:41
2 - 27% - 30% - 12:03
3 - 20% - 20% - 9:12
4 - 16% - 10% - 7:10
Normal Defense
1 - 36% - 40% - 16:05
2 - 32% - 30% - 14:28
3 - 28% - 20% - 12:25
4 - 5% - 10% - 2:08
PP Forward
1 - 55% - 60% - 2:35
2 - 45% - 40% - 2:05
PP Defense
1 - 56% - 60% - 2:38
2 - 44% - 40% - 2:02
PK Forward
1 - 69% - 60% - 7:01
2 - 31% - 40% - 3:13
PK Defense
1 - 59% - 60% - 6:04
2 - 41% - 40% - 4:10
PK3 Forward
1 - 0% - 60%
2 - 0% - 40%
PK3 Defense
1 - 0% - 60%
2 - 0% - 40%
44 Forward
1 - 0% - 60%
2 - 0% - 40%
44 Defense
1 - 0% - 60%
2 - 0% - 40%
Last Minute Offensive - 0:00
Last Minute Defensive - 0:00
Total
Forward - 60:00
Defense - 60:00
|
Play by Play
1st period
0:01 of 1st period - Tyler Bozak wins face-off versus Zenon Konopka in neutral zone.
0:14 of 1st period - Slapshot by Tyler Bozak.
0:14 of 1st period - Shot Blocked by Davis Drewiske.
0:26 of 1st period - Andy Greene is hit by Martin St. Pierre.
0:36 of 1st period - Snap shot by James Van Riemsdyk.
0:36 of 1st period - Stopped by Jason Missiaen with a rebound.
0:50 of 1st period - T.J Galiardi is hit by Chris Mcallister.
2:31 of 1st period - Wrist shot by Ryan White.
2:31 of 1st period - Shot Blocked by Chris Mcallister.
3:10 of 1st period - Kyle Chipchura is hit by Tomas Kurka and loses puck.
3:33 of 1st period - Fedor Fedorov is hit by Pavel Valentenko and loses puck.
4:03 of 1st period - Tomas Kurka is hit by Andy Greene.
4:12 of 1st period - Tomas Kurka is hit by Tomas Kubalik and loses puck.
4:25 of 1st period - Martin St. Pierre is hit by Andy Greene and loses puck.
4:53 of 1st period - Wrist shot by Peter Mueller.
4:53 of 1st period - Shot Misses the Net.
4:55 of 1st period - Slapshot by James Van Riemsdyk.
4:55 of 1st period - Goal by James Van Riemsdyk - Patriotes : 0 - River Rats : 1.
4:56 of 1st period - Tyler Bozak wins face-off versus Tomas Kurka in neutral zone.
5:03 of 1st period - Wrist shot by Niklas Sundstrom.
5:03 of 1st period - Deflect By Tyler Bozak.
5:03 of 1st period - Shot Blocked by Zenon Konopka.
5:03 of 1st period - Puck is out of play.
5:04 of 1st period - Tyler Bozak wins face-off versus Zenon Konopka in Patriotes zone.
5:07 of 1st period - Wrist shot by Brett Maclean.
5:07 of 1st period - Shot Blocked by Ben Guite.
5:59 of 1st period - Slapshot by Sergei Kostitsyn.
5:59 of 1st period - Stopped by Jason Missiaen without a rebound.
6:00 of 1st period - Zenon Konopka wins face-off versus Tyler Bozak in Patriotes zone.
6:02 of 1st period - Minor Penalty to Davis Drewiske for Tripping.
6:03 of 1st period - Tomas Kurka wins face-off versus Tyler Bozak in Patriotes zone.
6:35 of 1st period - Slapshot by Mikkel Boedker.
6:35 of 1st period - Goal by Mikkel Boedker - Patriotes : 0 - River Rats : 2.
6:36 of 1st period - Tyler Bozak wins face-off versus Zenon Konopka in neutral zone.
6:47 of 1st period - Slapshot by Niklas Sundstrom.
6:47 of 1st period - Stopped by Jason Missiaen with a rebound.
6:49 of 1st period - Backhand shot by Brett Maclean.
6:49 of 1st period - Shot Misses the Net.
6:51 of 1st period - Slapshot by Matt Jones.
6:51 of 1st period - Shot Misses the Net.
7:23 of 1st period - Backhand shot by Brock Trotter.
7:23 of 1st period - Stopped by Adam Munro without a rebound.
7:24 of 1st period - Ryan White wins face-off versus Kyle Chipchura in River Rats zone.
7:27 of 1st period - Snap shot by Brock Trotter.
7:27 of 1st period - Shot Blocked by Nolan Pratt.
7:33 of 1st period - Wrist shot by Brock Trotter.
7:33 of 1st period - Stopped by Adam Munro with a rebound.
7:35 of 1st period - Slapshot by Ryan Wilson.
7:35 of 1st period - Goal by Ryan Wilson - Patriotes : 1 - River Rats : 2.
7:36 of 1st period - Zenon Konopka wins face-off versus Tyler Bozak in neutral zone.
7:40 of 1st period - Minor Penalty to Tyler Bozak for High sticking.
7:41 of 1st period - Jamie Arniel wins face-off versus Zenon Konopka in River Rats zone.
9:01 of 1st period - Tomas Kurka is hit by Nolan Pratt and loses puck.
9:40 of 1st period - Penalty to Tyler Bozak is over, Tyler Bozak is back on ice.
10:27 of 1st period - Slapshot by Andy Greene.
10:27 of 1st period - Shot Blocked by Cade Fairchild.
10:29 of 1st period - Slapshot by Nolan Pratt.
10:29 of 1st period - Deflect By Cameron Gaunce.
10:29 of 1st period - Stopped by Jason Missiaen with a rebound.
10:36 of 1st period - Minor Penalty to Sergei Kostitsyn for Holding Stick.
10:37 of 1st period - Jamie Arniel wins face-off versus Zenon Konopka in River Rats zone.
11:19 of 1st period - Snap shot by Fedor Fedorov.
11:19 of 1st period - Shot Misses the Net.
11:46 of 1st period - Kyle Chipchura is hit by Lauri Tukonen and loses puck.
12:36 of 1st period - Penalty to Sergei Kostitsyn is over, Sergei Kostitsyn is back on ice.
12:43 of 1st period - Jamie Arniel is hit by T.J Galiardi and loses puck.
13:37 of 1st period - Matt Watkins is hit by Tyler Bozak and loses puck.
14:19 of 1st period - Cory Emmerton is hit by Nolan Pratt and loses puck.
14:34 of 1st period - Nolan Pratt is hit by Matt Watkins.
16:06 of 1st period - Ryan Wilson is hit by Mikkel Boedker and loses puck.
16:18 of 1st period - Off-side.
16:19 of 1st period - Jamie Arniel wins face-off versus Zenon Konopka in neutral zone.
16:23 of 1st period - Off-side.
16:24 of 1st period - Jamie Arniel wins face-off versus Zenon Konopka in neutral zone.
16:38 of 1st period - Wrist shot by Tomas Kurka.
16:38 of 1st period - Goal by Tomas Kurka - Patriotes : 2 - River Rats : 2.
16:39 of 1st period - Tyler Bozak wins face-off versus Zenon Konopka in neutral zone.
17:04 of 1st period - Andy Greene is hit by Lauri Tukonen and loses puck.
17:13 of 1st period - Backhand shot by Peter Mueller.
17:13 of 1st period - Goal by Peter Mueller - Patriotes : 2 - River Rats : 3.
17:14 of 1st period - Tyler Bozak wins face-off versus Zenon Konopka in neutral zone.
17:41 of 1st period - James Van Riemsdyk is hit by Jared Boll and loses puck.
18:17 of 1st period - Snap shot by Cory Emmerton.
18:17 of 1st period - Stopped by Adam Munro with a rebound.
18:29 of 1st period - Wrist shot by Chris Mcallister.
18:29 of 1st period - Goal by Chris Mcallister - Patriotes : 2 - River Rats : 4.
18:29 of 1st period - Joey MacDonald enters game.
18:30 of 1st period - Zenon Konopka wins face-off versus Tyler Bozak in neutral zone.
18:44 of 1st period - Wrist shot by Ben Guite.
18:44 of 1st period - Shot Blocked by Matt Jones.
18:46 of 1st period - Slapshot by Ben Guite.
18:46 of 1st period - Stopped by Adam Munro with a rebound.
19:05 of 1st period - Minor Penalty to Matt Jones for Slashing.
19:06 of 1st period - Zenon Konopka wins face-off versus Jamie Arniel in River Rats zone.
19:40 of 1st period - Snap shot by Fedor Fedorov.
19:40 of 1st period - Shot Misses the Net.
Goals for this period are 2 for Patriotes vs 4 for River Rats.
Shots for this period are 6 for Patriotes vs 8 for River Rats.
2nd period
0:01 of 2nd period - Zenon Konopka wins face-off versus Jamie Arniel in neutral zone.
0:06 of 2nd period - Snap shot by Ben Guite.
0:06 of 2nd period - Shot Blocked by Jamie Arniel.
0:10 of 2nd period - Slapshot by Tomas Kurka.
0:10 of 2nd period - Deflect By Zenon Konopka.
0:10 of 2nd period - Shot Misses the Net.
0:10 of 2nd period - Puck is out of play.
0:11 of 2nd period - Zenon Konopka wins face-off versus Jamie Arniel in River Rats zone.
0:12 of 2nd period - Wrist shot by Tomas Kurka.
0:12 of 2nd period - Shot Hit the Post.
1:04 of 2nd period - Cory Emmerton is hit by Nolan Pratt and loses puck.
1:05 of 2nd period - Penalty to Matt Jones is over, Matt Jones is back on ice.
1:23 of 2nd period - Wrist shot by Jared Boll.
1:23 of 2nd period - Stopped by Adam Munro without a rebound.
1:24 of 2nd period - Martin St. Pierre wins face-off versus Tyler Bozak in River Rats zone.
1:25 of 2nd period - Wrist shot by T.J Galiardi.
1:25 of 2nd period - Stopped by Adam Munro without a rebound.
1:26 of 2nd period - Tyler Bozak wins face-off versus Martin St. Pierre in River Rats zone.
1:26 of 2nd period - Tyler Bozak is hit by Davis Drewiske.
2:41 of 2nd period - Wrist shot by Tyler Bozak.
2:41 of 2nd period - Stopped by Joey MacDonald without a rebound.
2:42 of 2nd period - Zenon Konopka wins face-off versus Peter Mueller in Patriotes zone.
2:47 of 2nd period - Wrist shot by Zenon Konopka.
2:47 of 2nd period - Goal by Zenon Konopka - Patriotes : 3 - River Rats : 4.
2:48 of 2nd period - Peter Mueller wins face-off versus Ben Guite in neutral zone.
3:28 of 2nd period - Minor Penalty to Ryan Wilson for Hooking.
3:29 of 2nd period - Tomas Kurka wins face-off versus Tyler Bozak in Patriotes zone.
3:37 of 2nd period - Snap shot by Niklas Sundstrom.
3:37 of 2nd period - Goal by Niklas Sundstrom - Patriotes : 3 - River Rats : 5.
3:38 of 2nd period - Zenon Konopka wins face-off versus Tyler Bozak in neutral zone.
3:41 of 2nd period - Andy Greene is hit by Zenon Konopka and loses puck.
3:47 of 2nd period - Icing by Matt Jones.
3:48 of 2nd period - Zenon Konopka wins face-off versus Tyler Bozak in River Rats zone.
3:59 of 2nd period - Wrist shot by Tomas Kurka.
3:59 of 2nd period - Deflect By Andy Greene.
3:59 of 2nd period - Shot Misses the Net.
3:59 of 2nd period - Puck is out of play.
4:00 of 2nd period - Brett Maclean wins face-off versus Zenon Konopka in River Rats zone.
4:40 of 2nd period - Slapshot by Mikkel Boedker.
4:40 of 2nd period - Shot Blocked by Davis Drewiske.
5:59 of 2nd period - Slapshot by Brett Skinner.
5:59 of 2nd period - Shot Misses the Net.
6:25 of 2nd period - Snap shot by Chris Mcallister.
6:25 of 2nd period - Stopped by Joey MacDonald with a rebound.
6:31 of 2nd period - Wrist shot by Brock Trotter.
6:31 of 2nd period - Shot Misses the Net.
6:33 of 2nd period - Slapshot by Joe Charlebois.
6:33 of 2nd period - Deflect By Steve Quailer.
6:33 of 2nd period - Stopped by Adam Munro without a rebound.
6:34 of 2nd period - Zenon Konopka wins face-off versus Tyler Bozak in River Rats zone.
6:37 of 2nd period - Wrist shot by Ben Guite.
6:37 of 2nd period - Shot Misses the Net.
6:42 of 2nd period - Minor Penalty to Matt Jones for High sticking.
6:43 of 2nd period - Steve Quailer wins face-off versus Zenon Konopka in River Rats zone.
6:43 of 2nd period - Steve Quailer is hit by Ben Guite.
7:08 of 2nd period - Martin Grenier is hit by Lauri Tukonen and loses puck.
7:15 of 2nd period - Wrist shot by Cory Emmerton.
7:15 of 2nd period - Stopped by Adam Munro with a rebound.
7:17 of 2nd period - Snap shot by Joe Charlebois.
7:17 of 2nd period - Stopped by Adam Munro without a rebound.
7:18 of 2nd period - Jamie Arniel wins face-off versus Zenon Konopka in River Rats zone.
7:27 of 2nd period - Steve Quailer is hit by Tomas Kurka and loses puck.
8:00 of 2nd period - Mikkel Boedker is hit by Cory Emmerton and loses puck.
8:42 of 2nd period - Penalty to Matt Jones is over, Matt Jones is back on ice.
9:00 of 2nd period - Snap shot by Steve Quailer.
9:00 of 2nd period - Stopped by Joey MacDonald without a rebound.
9:01 of 2nd period - Ryan White wins face-off versus Brett Maclean in Patriotes zone.
9:10 of 2nd period - Wrist shot by Ryan White.
9:10 of 2nd period - Stopped by Adam Munro without a rebound.
9:11 of 2nd period - Tyler Bozak wins face-off versus Ryan White in River Rats zone.
9:26 of 2nd period - Snap shot by Brock Trotter.
9:26 of 2nd period - Shot Misses the Net.
9:28 of 2nd period - Snap shot by Brock Trotter.
9:28 of 2nd period - Shot Misses the Net.
9:30 of 2nd period - Backhand shot by Matt Watkins.
9:30 of 2nd period - Goal by Matt Watkins - Patriotes : 4 - River Rats : 5.
9:31 of 2nd period - Zenon Konopka wins face-off versus Peter Mueller in neutral zone.
9:46 of 2nd period - Wrist shot by James Van Riemsdyk.
9:46 of 2nd period - Stopped by Joey MacDonald with a rebound.
10:05 of 2nd period - Slapshot by Ryan Wilson.
10:05 of 2nd period - Stopped by Adam Munro without a rebound.
10:06 of 2nd period - Peter Mueller wins face-off versus Cory Emmerton in River Rats zone.
10:17 of 2nd period - Slapshot by Martin Grenier.
10:17 of 2nd period - Stopped by Joey MacDonald with a rebound.
10:31 of 2nd period - Nolan Pratt is hit by Brett Skinner and loses puck.
10:38 of 2nd period - Snap shot by Niklas Sundstrom.
10:38 of 2nd period - Shot Misses the Net.
10:40 of 2nd period - Snap shot by Pavel Valentenko.
10:40 of 2nd period - Stopped by Joey MacDonald without a rebound.
10:41 of 2nd period - Peter Mueller wins face-off versus Zenon Konopka in Patriotes zone.
11:06 of 2nd period - Roman Josi is hit by Joe Charlebois and loses puck.
11:07 of 2nd period - Roman Josi from River Rats is injured at 11:07 of 2nd period (Strained Right Knee).
11:08 of 2nd period - Niklas Sundstrom wins face-off versus Zenon Konopka in River Rats zone.
11:08 of 2nd period - Niklas Sundstrom is hit by Zenon Konopka.
11:34 of 2nd period - Andy Greene is hit by Lauri Tukonen and loses puck.
12:19 of 2nd period - Wrist shot by Sergei Kostitsyn.
12:19 of 2nd period - Shot Hit the Post.
12:21 of 2nd period - Slapshot by Sergei Kostitsyn.
12:21 of 2nd period - Stopped by Joey MacDonald without a rebound.
12:22 of 2nd period - Kyle Chipchura wins face-off versus Zenon Konopka in Patriotes zone.
12:35 of 2nd period - Slapshot by Sergei Kostitsyn.
12:35 of 2nd period - Goal by Sergei Kostitsyn - Patriotes : 4 - River Rats : 6.
12:36 of 2nd period - Tyler Bozak wins face-off versus Zenon Konopka in neutral zone.
12:45 of 2nd period - Backhand shot by Niklas Sundstrom.
12:45 of 2nd period - Goal by Niklas Sundstrom - Patriotes : 4 - River Rats : 7.
12:46 of 2nd period - Niklas Sundstrom wins face-off versus Zenon Konopka in neutral zone.
13:36 of 2nd period - Wrist shot by Brock Trotter.
13:36 of 2nd period - Stopped by Adam Munro with a rebound.
13:38 of 2nd period - Slapshot by Ryan Wilson.
13:38 of 2nd period - Stopped by Adam Munro with a rebound.
13:40 of 2nd period - Slapshot by Joe Charlebois.
13:40 of 2nd period - Stopped by Adam Munro with a rebound.
13:42 of 2nd period - Slapshot by Joe Charlebois.
13:42 of 2nd period - Deflect By Mikkel Boedker.
13:42 of 2nd period - Stopped by Adam Munro without a rebound.
13:43 of 2nd period - Tyler Bozak wins face-off versus Zenon Konopka in River Rats zone.
14:01 of 2nd period - Minor Penalty to Tyler Bozak for Hooking.
14:02 of 2nd period - Zenon Konopka wins face-off versus Jamie Arniel in River Rats zone.
14:34 of 2nd period - Slapshot by Brett Skinner.
14:34 of 2nd period - Shot Blocked by Martin Grenier.
14:36 of 2nd period - Slapshot by Fedor Fedorov.
14:36 of 2nd period - Shot Misses the Net.
15:02 of 2nd period - Wrist shot by Matt Jones.
15:02 of 2nd period - Stopped by Joey MacDonald with a rebound.
15:10 of 2nd period - Kyle Chipchura is hit by Zenon Konopka and loses puck.
15:33 of 2nd period - James Van Riemsdyk is hit by Cory Emmerton and loses puck.
16:01 of 2nd period - Penalty to Tyler Bozak is over, Tyler Bozak is back on ice.
16:10 of 2nd period - Slapshot by Matt Jones.
16:10 of 2nd period - Stopped by Joey MacDonald with a rebound.
16:22 of 2nd period - Jamie Arniel is hit by Joe Charlebois and loses puck.
16:30 of 2nd period - Icing by Nolan Pratt.
16:31 of 2nd period - Martin St. Pierre wins face-off versus Jamie Arniel in River Rats zone.
16:40 of 2nd period - Wrist shot by Martin St. Pierre.
16:40 of 2nd period - Stopped by Adam Munro with a rebound.
17:08 of 2nd period - Wrist shot by James Van Riemsdyk.
17:08 of 2nd period - Stopped by Joey MacDonald without a rebound.
17:09 of 2nd period - Mikkel Boedker wins face-off versus Zenon Konopka in Patriotes zone.
17:18 of 2nd period - Snap shot by James Van Riemsdyk.
17:18 of 2nd period - Stopped by Joey MacDonald with a rebound.
17:24 of 2nd period - Wrist shot by James Van Riemsdyk.
17:24 of 2nd period - Shot Blocked by Joe Charlebois.
17:30 of 2nd period - Snap shot by Peter Mueller.
17:30 of 2nd period - Shot Hit the Post.
17:42 of 2nd period - Snap shot by Martin St. Pierre.
17:42 of 2nd period - Shot Misses the Net.
17:44 of 2nd period - Slapshot by Davis Drewiske.
17:44 of 2nd period - Shot Blocked by Andy Greene.
17:46 of 2nd period - Snap shot by Jared Boll.
17:46 of 2nd period - Stopped by Adam Munro without a rebound.
17:47 of 2nd period - Tyler Bozak wins face-off versus Martin St. Pierre in River Rats zone.
18:54 of 2nd period - Cory Emmerton is hit by Brett Maclean and loses puck.
19:21 of 2nd period - Slapshot by Martin St. Pierre.
19:21 of 2nd period - Deflect By T.J Galiardi.
19:21 of 2nd period - Shot Misses the Net.
19:21 of 2nd period - Puck is out of play.
19:22 of 2nd period - Kyle Chipchura wins face-off versus Martin St. Pierre in River Rats zone.
Goals for this period are 2 for Patriotes vs 3 for River Rats.
Shots for this period are 15 for Patriotes vs 14 for River Rats.
3rd period
0:01 of 3rd period - Zenon Konopka wins face-off versus Tyler Bozak in neutral zone.
0:16 of 3rd period - Ben Guite is hit by Andy Greene and loses puck.
0:33 of 3rd period - Slapshot by Peter Mueller.
0:33 of 3rd period - Shot Blocked by Davis Drewiske.
0:35 of 3rd period - Wrist shot by Peter Mueller.
0:35 of 3rd period - Stopped by Joey MacDonald with a rebound.
0:37 of 3rd period - Wrist shot by James Van Riemsdyk.
0:37 of 3rd period - Shot Misses the Net.
0:51 of 3rd period - Jared Boll is hit by Sergei Kostitsyn and loses puck.
1:10 of 3rd period - Slapshot by Brett Skinner.
1:10 of 3rd period - Shot Misses the Net.
1:35 of 3rd period - Tyler Bozak is hit by Ben Guite and loses puck.
1:56 of 3rd period - Snap shot by James Van Riemsdyk.
1:56 of 3rd period - Shot Misses the Net.
1:58 of 3rd period - Slapshot by Bryan Rodney.
1:58 of 3rd period - Deflect By Peter Mueller.
1:58 of 3rd period - Goal by Peter Mueller - Patriotes : 4 - River Rats : 8.
1:58 of 3rd period - Jason Missiaen enters game.
1:59 of 3rd period - Zenon Konopka wins face-off versus Tyler Bozak in neutral zone.
1:59 of 3rd period - Brett Maclean and Ben Guite fight to a draw.
1:59 of 3rd period - Penalty to Brett Maclean for Fighting.
1:59 of 3rd period - Penalty to Ben Guite for Fighting.
1:59 of 3rd period - Penalty to Ben Guite for instigated a fight.
1:59 of 3rd period - Penalty to Ben Guite for instigated a fight.
2:00 of 3rd period - Tomas Kurka wins face-off versus Tyler Bozak in neutral zone.
2:11 of 3rd period - Slapshot by Martin Grenier.
2:11 of 3rd period - Shot Blocked by Davis Drewiske.
2:13 of 3rd period - Wrist shot by Andy Greene.
2:13 of 3rd period - Shot Blocked by Brett Skinner.
2:15 of 3rd period - Snap shot by Tyler Bozak.
2:15 of 3rd period - Shot Misses the Net.
2:51 of 3rd period - Snap shot by Joe Charlebois.
2:51 of 3rd period - Shot Misses the Net.
3:08 of 3rd period - Davis Drewiske is hit by Andy Greene and loses puck.
3:43 of 3rd period - Davis Drewiske is hit by Mikkel Boedker.
3:59 of 3rd period - Penalty to Ben Guite is over, Jared Boll is send on ice.
4:54 of 3rd period - Minor Penalty to Fedor Fedorov for Hooking.
4:55 of 3rd period - Tomas Kurka wins face-off versus Peter Mueller in Patriotes zone.
4:55 of 3rd period - Tomas Kurka is hit by Sergei Kostitsyn.
5:47 of 3rd period - Ryan Wilson is hit by Matt Jones and loses puck.
6:48 of 3rd period - Matt Jones is hit by Davis Drewiske and loses puck.
6:54 of 3rd period - Penalty to Fedor Fedorov is over, Fedor Fedorov is back on ice.
7:06 of 3rd period - Snap shot by Cory Emmerton.
7:06 of 3rd period - Stopped by Adam Munro without a rebound.
7:07 of 3rd period - Cory Emmerton wins face-off versus Jamie Arniel in River Rats zone.
7:22 of 3rd period - Wrist shot by Cory Emmerton.
7:22 of 3rd period - Shot Misses the Net.
8:23 of 3rd period - Steve Quailer is hit by Zenon Konopka and loses puck.
9:09 of 3rd period - Lauri Tukonen is hit by Martin Grenier and loses puck.
10:04 of 3rd period - Slapshot by Chris Mcallister.
10:04 of 3rd period - Stopped by Jason Missiaen with a rebound.
10:06 of 3rd period - Snap shot by Chris Mcallister.
10:06 of 3rd period - Deflect By Jamie Arniel.
10:06 of 3rd period - Stopped by Jason Missiaen without a rebound.
10:07 of 3rd period - Tyler Bozak wins face-off versus Zenon Konopka in Patriotes zone.
10:32 of 3rd period - James Van Riemsdyk is hit by Brock Trotter.
10:58 of 3rd period - Snap shot by Jared Boll.
10:58 of 3rd period - Stopped by Adam Munro with a rebound.
11:08 of 3rd period - Martin Grenier is hit by Zenon Konopka.
11:18 of 3rd period - Nolan Pratt is hit by Cameron Gaunce and loses puck.
11:35 of 3rd period - Pavel Valentenko is hit by Zenon Konopka and loses puck.
11:59 of 3rd period - 10 Minutes Game Misconduct Penalty to Ben Guite is over.
12:22 of 3rd period - Fedor Fedorov is hit by Andy Greene and loses puck.
12:29 of 3rd period - Chris Mcallister is hit by Fedor Fedorov and loses puck.
12:45 of 3rd period - Slapshot by Martin Grenier.
12:45 of 3rd period - Stopped by Jason Missiaen with a rebound.
12:47 of 3rd period - Slapshot by Nolan Pratt.
12:47 of 3rd period - Shot Misses the Net.
12:49 of 3rd period - Slapshot by Jamie Arniel.
12:49 of 3rd period - Shot Misses the Net.
12:59 of 3rd period - Slapshot by Jamie Arniel.
12:59 of 3rd period - Stopped by Jason Missiaen with a rebound.
13:01 of 3rd period - Wrist shot by Jamie Arniel.
13:01 of 3rd period - Stopped by Jason Missiaen without a rebound.
13:02 of 3rd period - Cory Emmerton wins face-off versus Brett Maclean in Patriotes zone.
13:15 of 3rd period - Snap shot by Cory Emmerton.
13:15 of 3rd period - Goal by Cory Emmerton - Patriotes : 5 - River Rats : 8.
13:16 of 3rd period - Tyler Bozak wins face-off versus Zenon Konopka in neutral zone.
13:23 of 3rd period - Snap shot by Tyler Bozak.
13:23 of 3rd period - Stopped by Jason Missiaen with a rebound.
13:25 of 3rd period - Snap shot by Brett Maclean.
13:25 of 3rd period - Shot Misses the Net.
13:27 of 3rd period - Wrist shot by Tyler Bozak.
13:27 of 3rd period - Shot Misses the Net.
13:29 of 3rd period - Wrist shot by Niklas Sundstrom.
13:29 of 3rd period - Shot Blocked by Brett Skinner.
13:31 of 3rd period - Wrist shot by Matt Jones.
13:31 of 3rd period - Shot Blocked by Tomas Kurka.
13:41 of 3rd period - Cory Emmerton is hit by Mikkel Boedker and loses puck.
13:48 of 3rd period - Wrist shot by Mikkel Boedker.
13:48 of 3rd period - Stopped by Jason Missiaen with a rebound.
14:00 of 3rd period - Sergei Kostitsyn is hit by Jared Boll and loses puck.
14:07 of 3rd period - Wrist shot by Jared Boll.
14:07 of 3rd period - Shot Blocked by Nolan Pratt.
14:09 of 3rd period - Slapshot by Martin St. Pierre.
14:09 of 3rd period - Stopped by Adam Munro without a rebound.
14:10 of 3rd period - Zenon Konopka wins face-off versus Tyler Bozak in River Rats zone.
14:15 of 3rd period - Snap shot by Zenon Konopka.
14:15 of 3rd period - Shot Misses the Net.
14:17 of 3rd period - Wrist shot by Cameron Gaunce.
14:17 of 3rd period - Deflect By Zenon Konopka.
14:17 of 3rd period - Shot Misses the Net.
14:17 of 3rd period - Puck is out of play.
14:18 of 3rd period - Zenon Konopka wins face-off versus Tyler Bozak in River Rats zone.
14:29 of 3rd period - Snap shot by Ben Guite.
14:29 of 3rd period - Stopped by Adam Munro with a rebound.
14:31 of 3rd period - Slapshot by Brett Skinner.
14:31 of 3rd period - Deflect By Tomas Kurka.
14:31 of 3rd period - Shot Misses the Net.
14:31 of 3rd period - Puck is out of play.
14:32 of 3rd period - Ben Guite wins face-off versus Peter Mueller in River Rats zone.
15:01 of 3rd period - Cory Emmerton is hit by Andy Greene and loses puck.
15:41 of 3rd period - Sergei Kostitsyn is hit by Brock Trotter and loses puck.
16:05 of 3rd period - Tomas Kurka is hit by Sergei Kostitsyn and loses puck.
16:24 of 3rd period - Cory Emmerton is hit by Niklas Sundstrom and loses puck.
16:49 of 3rd period - Martin St. Pierre is hit by Nolan Pratt and loses puck.
17:06 of 3rd period - Wrist shot by Chris Mcallister.
17:06 of 3rd period - Shot Misses the Net.
17:24 of 3rd period - Brock Trotter is hit by Niklas Sundstrom.
18:03 of 3rd period - Jared Boll is hit by Jamie Arniel and loses puck.
18:15 of 3rd period - Jared Boll is hit by Steve Quailer and loses puck.
19:31 of 3rd period - Andy Greene is hit by Ben Guite and loses puck.
19:40 of 3rd period - Minor Penalty to Pavel Valentenko for Tripping.
19:41 of 3rd period - Zenon Konopka wins face-off versus Jamie Arniel in River Rats zone.
Goals for this period are 1 for Patriotes vs 1 for River Rats.
Shots for this period are 5 for Patriotes vs 9 for River Rats.
Output by the SimonT Hockey Simulator (STHS) for François Prévost -- Original Page W3C XHTML 1.0 Valid